Description

Variant with earlier pool, skips the lings.

Build Order

Get SALT Encoding   

  6  0:00  Drone  
  13  0:22  Spawning Pool  
  13  0:25  Extractor  
  13  0:27  Drone  
  12  0:33  Drone x2  
  14  0:46  Overlord  
  14  0:52  Extractor  
  14  0:54  Drone  
  14  1:11  Roach Warren  
  14  1:16  Drone x2  
  15  1:30  Overlord  
  15  1:51  Roach x3  
  21  2:05  Overlord  
  21  2:11  Ravager x3  
  24  2:20  Roach  
  26  2:27  Roach  
  28  2:38  Roach  
  30  2:49  Roach  
Spawning Tool Build Advisor. Get it on Overwolf

Go to:

Details

  • Created by: ezdiy
  • Published on: Nov 25, 2020
  • Modified on: Nov 25, 2020
  • Patch: 4.11.0
  • Difficulty: Easy
Show
View Real Time Build Order
Export as new Build Order

Comments (0)

There are no comments. Be the first!

Create an account to comment!